 Dungeon Crawl Stone Soup version 0.31-a0-1591-g515db51633 (webtiles) character file.

Game seed: 12538800091053433252

1237 grandjackal the Jinx (level 8, -4/52 HPs)
             Began as a Vampire Enchanter on Jan 7, 2024.
             Splashed by a jelly's acid (9 damage)
             ... on level 6 of the Dungeon.
             The game lasted 00:06:36 (4828 turns).

grandjackal the Jinx (Vampire Enchanter)            Turns: 4828, Time: 00:06:36

Health: -4/52      AC: -13   Str:  7    XL:     8   Next: 24%
Magic:  20/20      EV: 12    Int: 17    God:
Gold:   209        SH:  0    Dex: 17    Spells: 3/11 levels left

rFire   . . .        g - +1 dagger (venom)
rCold   + . .        (no shield)
rNeg    . . .        y - +3 leather armour {rC+}
rPois   .            (no helmet)
rElec   .            d - scarf {+Inv}
rCorr   .            (no gloves)
SInv    +            e - +0 pair of boots
Will    +....        k - amulet of magic regeneration
Stlth   +++          f - ring of willpower
HPRegen 0.48/turn    n - ring of magical power
MPRegen 0.57/turn

%: no passive effects
@: corroded, healing quickly
A: alive, fangs 3, see invisible, vampiric 2
a: Exsanguinate, Evoke Invisibility


You were on level 6 of the Dungeon.
You visited 1 branch of the dungeon, and saw 6 of its levels.

You collected 209 gold pieces.

Inventory:

Hand Weapons
 g - a +1 dagger of venom (weapon)
Armour
 d - a scarf of invisibility (worn)
 e - a +0 pair of boots (worn)
 y - a +3 leather armour of cold resistance (worn)
Jewellery
 b - a ring of willpower
 f - a ring of willpower (left hand)
 k - an amulet of magic regeneration (around neck)
 n - a ring of magical power (right hand)
 B - a ring of resist corrosion
Wands
 i - a wand of flame (21)
 m - a wand of acid (5)
 D - a wand of roots (13)
Scrolls
 h - 3 scrolls of teleportation {unknown}
 j - 2 scrolls of silence {unknown}
 l - 4 scrolls of identify {unknown}
 p - a scroll of blinking {unknown}
 q - a scroll of acquirement {unknown}
 s - a scroll of poison {unknown}
 u - a scroll of revelation {unknown}
 x - a scroll of summoning {unknown}
 z - 2 scrolls of immolation {unknown}
 A - a scroll of amnesia {unknown}
 E - a scroll of noise {unknown}
Potions
 a - a potion of resistance {unknown}
 c - 2 potions of invisibility
 o - 2 potions of experience {unknown}
 r - 2 potions of mutation {unknown}
 t - a potion of enlightenment {unknown}
 v - 4 potions of curing {unknown}
 w - a potion of haste {unknown}
 C - a potion of brilliance {unknown}
 F - a potion of cancellation {unknown}


   Skills:
 + Level 6.2 Short Blades
 - Level 2.1 Dodging
 - Level 5.0 Stealth
 - Level 2.0 Spellcasting
 + Level 9.2 Hexes
 + Level 5.0 Evocations


You had 3 spell levels left.
You knew the following spells:

 Your Spells              Type           Power      Damage    Failure   Level
a - Ensorcelled Hibernat  Hex/Ice        34%        N/A       7%          2
b - Confusing Touch       Hex            33%        N/A       1%          3
c - Tukima's Dance        Hex            33%        N/A       1%          3

Your spell library contained the following spells:

 Spells                   Type           Power      Damage    Failure   Level
 Dazzling Flash           Conj/Hex       34%        N/A       13%         3
 Sting                    Conj/Alch      4%         1d3       28%         1
 Mercury Vapours          Alch/Air       2%         N/A       41%         2
 Olgreb's Toxic Radiance  Alch           1%         N/A       96%         4


Dungeon Overview and Level Annotations

Branches:
Dungeon (6/15)
 Temple: D:4-7

Altars:
Hepliaklqana
Makhleb
Sif Muna
Vehumet

Annotations:
D:4 1 runed translucent door, SmokeWeed's ghost, amateur OpBr


Innate Abilities, Weirdness & Mutations

Your natural rate of healing is accelerated.
You have razor-sharp teeth.
You have supernaturally acute eyesight. (SInv)
You are afflicted with vampirism and can become a bat while bloodless.


Message History

You open the door.
There is an open door here.
Done exploring.
Done exploring.
Done exploring.
Okay, then.
Okay, then.
There is an open door here.
There is an open door here.
There is a stone staircase leading down here.
You climb downwards.
Found 20 gold pieces and a heavily runed cloak.
There is a stone staircase leading up here.
A hound is nearby!
A jelly comes into view.
The helpless hound fails to defend itself.
You spit the hound like a pig!!!
You kill the hound!
Your Evocations skill increases to level 5!
You hit the jelly.
Your hands burn!
The jelly is lightly wounded.
The jelly hits you. The acid corrodes you!
You are splashed with acid!
You hit the jelly. The acid corrodes you!
Your hands burn!
You bite the jelly, but do no damage.
The jelly is moderately wounded.
The jelly closely misses you.
You hit the jelly but do no damage.
The jelly is poisoned.
Your hands burn!
The jelly is moderately wounded.
You hit the jelly. The acid corrodes you!
Your hands burn!
The jelly is heavily wounded.
The jelly hits you. The acid corrodes you!
You are splashed with acid!
* * * LOW HITPOINT WARNING * * *
The jelly attacks as it pursues you! The jelly hits you.
* * * LOW HITPOINT WARNING * * *
The acid corrodes you!
You are splashed with acid.
* * * LOW HITPOINT WARNING * * *
The jelly attacks as it pursues you! The jelly hits you.
* * * LOW HITPOINT WARNING * * *
The acid corrodes you!
You are splashed with acid!
You die...

## .. .# .# .# #
# ####.#.#
#.#####...†..#
#..<....J....+
#.$....@.....#
#.$............#
##.....[.#######
...####### ....
..... ###.#


You could see a jelly (very poisoned).

Vanquished Creatures
  Eustachio (D:4)
  A water moccasin (D:5)
  4 ogres
  2 scorpions
  3 bombardier beetles (D:4)
  A jelly (D:4)
  2 orc priests
  A sleepcap (D:4)
  2 hounds
  An iguana (D:3)
  An orc wizard (D:3)
  8 gnolls
  6 adders
  A dart slug (D:5)
  4 ribbon worms
  16 orcs
  2 ball pythons
  4 endoplasms
  6 giant cockroaches
  7 goblins
  5 hobgoblins
  2 jackals (D:1)
  3 kobolds
  2 quokkas
  A bat (D:2)
  2 frilled lizards
  3 rats
91 creatures vanquished.

Notes
Turn   | Place    | Note
-------+----------+-------------------------------------------
     0 | D:1      | grandjackal the Vampire Enchanter began the quest for the
                  | Orb.
     0 | D:1      | Reached XP level 1. HP: 13/13 MP: 3/3
    83 | D:1      | Reached XP level 2. HP: 10/19 MP: 5/5
   310 | D:1      | Learned a level 2 spell: Ensorcelled Hibernation
   603 | D:1      | You fall into a shaft and drop 1 floor!
   835 | D:1      | Reached skill level 1 in Evocations
   901 | D:1      | Reached skill level 5 in Stealth
  1055 | D:1      | Gained mutation: You are afflicted with vampirism and can
                  | become a bat while bloodless. [Vampire growth]
  1055 | D:1      | Reached XP level 3. HP: 24/24 MP: 6/6
  1201 | D:2      | Reached skill level 5 in Hexes
  1893 | D:3      | Learned a level 3 spell: Confusing Touch
  1930 | D:3      | Reached XP level 4. HP: 30/30 MP: 7/7
  1992 | D:3      | Found a faded altar of an unknown god.
  2122 | D:3      | Found a shimmering blue altar of Sif Muna.
  2507 | D:4      | Reached XP level 5. HP: 35/35 MP: 8/8
  2530 | D:4      | Reached skill level 6 in Hexes
  2652 | D:4      | HP: 1/35 [hound (1)]
  2860 | D:4      | Noticed an ogre
  2896 | D:4      | Reached XP level 6. HP: 27/41 MP: 9/9
  2998 | D:4      | Found a runed translucent door.
  3235 | D:4      | Noticed Eustachio
  3243 | D:4      | Killed Eustachio
  3244 | D:4      | Reached skill level 7 in Hexes
  3419 | D:4      | Reached XP level 7. HP: 23/46 MP: 10/10
  3740 | D:4      | Reached skill level 5 in Short Blades
  3740 | D:4      | Reached skill level 8 in Hexes
  3904 | D:4      | Noticed SmokeWeed's ghost (amateur OpBr)
  3911 | D:4      | Learned a level 3 spell: Tukima's Dance
  3941 | D:5      | Entered Level 5 of the Dungeon
  4033 | D:5      | Found a radiant altar of Vehumet.
  4410 | D:5      | Reached XP level 8. HP: 51/52 MP: 11/11
  4446 | D:5      | Reached skill level 9 in Hexes
  4537 | D:5      | Found a burning altar of Makhleb.
  4701 | D:5      | Found a hazy altar of Hepliaklqana.
  4822 | D:6      | Reached skill level 5 in Evocations
  4828 | D:6      | Splashed by a jelly's acid

Illustrated notes

Levels and vault maps discovered:
D:1:      dpeg_arrival_rooms_b, layout_loops_corners, serial_forest,
          infiniplex_forest_clump_tiny, infiniplex_forest_straight_1,
          infiniplex_forest_lined_1, infiniplex_forest_end_1,
          infiniplex_forest_lined_corner, infiniplex_forest_clump_tiny,
          infiniplex_forest_straight_3
D:2:      layout_loops_corners, kennysheep_cross_bottleneck
D:3:      layout_rooms, kennysheep_orc_sif_temple,
          chequers_ecumenical_altar_simple_redux
D:4:      layout_basic, ebering_ghost_sewer_d, serial_corexii_hall,
          corexii_hall_statues_x, chequers_hall_statues_corner_a,
          serial_bayou_lake_a, uniq_eustachio
D:5:      layout_gridville, grunt_temple_overflow_open, vehumet_altar_wand_db,
          minmay_misc_feat_secret_circle
D:6:      layout_basic, mainiacjoe_overflow_24_doors, uniq_crazy_yiuf_cottage,
          uniq_grinder

Skill      XL: |  1  2  3  4  5  6  7  8 |
---------------+-------------------------+-----
Evocations     | 1 2 3 4 5 |  5.0
Stealth        | 5 |  5.0
Short Blades   | 2 3 4 5 6 |  6.2
Hexes          | 5 6 7 8 9 |  9.2
Dodging        | |  2.1
Spellcasting   | |  2.0

Action                     |  1- 3 |  4- 6 |  7- 9 || total
---------------------------+-------+-------+-------++-------
  Melee: Dagger            |    73 |   109 |   128 ||   310
         Bite              |     4 |    11 |    21 ||    36
         Punch             |       |     1 |     3 ||     4
   Cast: Ensorcelled Hiber |       |     1 |       ||     1
         Confusing Touch   |       |       |     1 ||     1
Ability: Evoke Invisibilit |       |     1 |     3 ||     4
    Use: Potion            |     1 |       |       ||     1
   Stab: Sleeping          |    15 |     6 |     4 ||    25
         Invisible         |       |     1 |     4 ||     5
         Confused          |       |       |     1 ||     1
 Armour: Robe              |    34 |    65 |       ||    99
         Leather armour    |       |     1 |    47 ||    48
  Dodge: Dodged            |    32 |    48 |    54 ||   134

Table legend: (Time is in decaauts)
 A = Elapsed time spent in this place.
 B = Non-inter-level travel time spent in this place.
 C = Inter-level travel time spent in this place.
 D = Time resting spent in this place.
 E = Time spent auto-exploring this place.
 F = Levels seen in this place.
 G = Mean time per level.
                   A        B        C        D        E       F      G
               +--------+--------+--------+--------+--------+-----+--------+
         Total |   4795 |   4611 |    184 |    456 |   3191 |   6 |  799.2 |
       Dungeon |   4795 |   4611 |    184 |    456 |   3191 |   6 |  799.2 |
               +--------+--------+--------+--------+--------+-----+--------+

Top non-repeatable levels by time:
     D:4: 1250 daAuts
     D:2: 949 daAuts
     D:1: 922 daAuts
     D:5: 852 daAuts
     D:3: 807 daAuts
     D:6: 12 daAuts
